 Dungeon Crawl Stone Soup version 0.25-a0-583-g696c2ac64d (webtiles) character file.

Game seed: 6677789628122056635, levelgen mode: deterministic

48 Esekla the Charlatan (level 3, 0/18 HPs)
             Began as a Spriggan Artificer on Mar 8, 2020.
             Slain by a gnoll
             ... wielding a +0 flail
              (14 damage)
             ... on level 2 of the Dungeon.
             The game lasted 00:08:45 (1988 turns).

Esekla the Charlatan (Spriggan Artificer)           Turns: 1988, Time: 00:08:45

Health: 0/18       AC:  2    Str:  8    XL:     3   Next: 50%
Magic:  7/7        EV: 19    Int: 13    God:
Gold:   54         SH:  0    Dex: 16    Spells: 2/2 levels left

rFire    . . .     SeeInvis +   a - +0 short sword
rCold    . . .     Gourm    .   (shield restricted)
rNeg     . . .     Faith    .   b - +0 robe
rPois    .         Spirit   .   (helmet restricted)
rElec    .         Reflect  .   (no cloak)
rCorr    .         Harm     .   (gloves unavailable)
MR       .....                  (boots unavailable)
Stlth    ++........             (no amulet)
HPRegen  0.06/turn              (no ring)
MPRegen  0.10/turn              (no ring)

@: very quick
A: very small, unfitting armour, see invisible, herbivore, speed 3, slow
metabolism 2
a: no special abilities


You were on level 2 of the Dungeon.
You were not hungry.

You visited 1 branch of the dungeon, and saw 2 of its levels.

You collected 54 gold pieces.

Inventory:

Hand Weapons
 a - a +0 short sword (weapon)
Armour
 b - a +0 robe (worn)
Wands
 c - a wand of flame (15)
 d - a wand of enslavement (15)
 e - a wand of random effects (14)
Scrolls
 h - 3 scrolls of remove curse
 i - a scroll of enchant weapon {unknown}
Potions
 g - a potion of stabbing {unknown}
 k - a potion of invisibility {unknown}
Comestibles
 f - 3 rations


   Skills:
 - Level 1.0 Fighting
 * Level 2.2 Short Blades
 * Level 3.4 Dodging
 + Level 2.3 Stealth
 - Level 4.8 Evocations


You had 2 spell levels left.
You didn't know any spells.
Your spell library was empty.

Dungeon Overview and Level Annotations

Branches:
Dungeon (2/15)

Altars:
Dithmenos


Innate Abilities, Weirdness & Mutations

You are very small and have problems with some larger weapons.
You are too small for most types of armour.
You have supernaturally acute eyesight. (SInv)
You are a herbivore.
You cover ground extremely quickly.
You need to consume almost no food.


Message History

You kill the bat!
The gnoll closely misses you.
You hit the gnoll.
The gnoll is moderately wounded.
You barely miss the gnoll.
The gnoll is moderately wounded.
There is a stone staircase leading up here.
You closely miss the gnoll.
The gnoll is moderately wounded.
The gnoll barely misses you.
You hit the gnoll but do no damage.
The gnoll is moderately wounded.
You hit the gnoll.
The gnoll is moderately wounded.
You hit the gnoll but do no damage.
The gnoll is moderately wounded.
The gnoll hits you with a +0 flail. The gnoll barely misses you.
The gnoll hits you with a +0 flail!
Ouch! That really hurt!
You die...

##### .... #...# #...... .
#...# #...... ###. #...#
#...... ).. #...# ##.....
##.# ##...# .......####..#
##....#
#.......g..#####♣.♣####.....#
#.....g..g.#gg@.........#...#
####...###.#g#############.##
#............# #.#
#.###.......## #.#
.........####.#### #.#
[.......## #....# #S#
$.......# ####.# #######.#
..).....# #.# #....)#†#
........#
#####.#####..#....###


You could see 3 gnolls.

Vanquished Creatures
  An adder (D:1)
  An ooze (D:1)
  A ball python (D:1)
  2 giant cockroaches (D:1)
  6 goblins
  A hobgoblin (D:1)
  8 jackals
  4 kobolds (D:1)
  A bat (D:2)
  4 frilled lizards
  2 rats (D:1)
31 creatures vanquished.

Notes
Turn   | Place    | Note
-------+----------+-------------------------------------------
     0 | D:1      | Esekla the Spriggan Artificer began the quest for the Orb.
     0 | D:1      | Reached XP level 1. HP: 9/9 MP: 4/4
   129 | D:1      | Reached skill level 1 in Fighting
   322 | D:1      | Reached XP level 2. HP: 11/14 MP: 6/6
  1006 | D:2      | Found a shadowy altar of Dithmenos.
  1549 | D:2      | Reached XP level 3. HP: 10/18 MP: 7/7
  1988 | D:2      | Slain by a gnoll

Levels and vault maps discovered:
D:1:      tarquinn_simple_flora_water_d, layout_basic, minmay_tetromino_i4
D:2:      layout_rooms, nicolae_dithmenos_shadow_blocks, first_ration,
          serial_forest, infiniplex_forest_lined_2,
          infiniplex_forest_straight_2, infiniplex_forest_3_way,
          infiniplex_forest_end_3, infiniplex_forest_end_double

Skill      XL: |  1  2  3 |
---------------+----------+-----
Fighting       | 1 |  1.0
Stealth        | 2 |  2.3
Short Blades   | 2 |  2.2
Dodging        | |  3.4
Evocations     | |  4.8

Action                   || total
-------------------------++-------
Melee: Short sword       ||   130
Evoke: Wand              ||     1
  Use: Potion            ||     2
       Scroll            ||     1
 Stab: Sleeping          ||     6
Armor: Robe              ||    11
Dodge: Dodged            ||   104

Table legend:
 A = Non-vault XP
 B = Vault XP
 C = Vault XP percentage of total XP
 D = Non-vault monster count
 E = Vault monster count
 F = Vault count percentage of total count
                 A         B        C        D         E       F
            +---------+---------+-------+---------+---------+-------
      Total |      65 |       4 |   5.8 |      29 |       2 |   6.5
            +---------+---------+-------+---------+---------+-------
        D:1 |      48 |       4 |   7.7 |      18 |       2 |  10.0
        D:2 |      17 |       0 |   0.0 |      11 |       0 |   0.0
            +---------+---------+-------+---------+---------+-------
